 Dungeon Crawl Stone Soup version 0.29-a0-780-g652cadfb38 (webtiles) character file.

Game seed: 1237110660051986200

7 Garessta the Scratcher (level 1, 9/9 HPs)
             Began as a Felid Transmuter on July 2, 2022.
             Was a Follower of Makhleb.
             Quit the game on level 1 of the Dungeon.
             The game lasted 00:02:37 (418 turns).

Garessta the Scratcher (Felid Transmuter)            Turns: 418, Time: 00:02:38

Health: 9/9        AC:  1    Str:  6    XL:     1   Next: 83%
Magic:  4/4        EV: 17    Int: 14    God:    Makhleb [*.....]
Gold:   12         SH:  0    Dex: 16    Spells: 3/4 levels left
                                        Lives:  0   Deaths: 0

rFire   . . .      SeeInvis +     - Unarmed
rCold   . . .      Faith    .   (shield unavailable)
rNeg    . . .      Spirit   .   (body armour unavailable)
rPois   .          Reflect  .   (helmet unavailable)
rElec   .          Harm     .   (cloak unavailable)
rCorr   .          Rampage  .   (gloves unavailable)
Will    .....                   (boots unavailable)
Stlth   +.........              (no amulet)
HPRegen 0.03/turn               (no ring)
MPRegen 0.09/turn               (no ring)

@: quick
A: very small, claws 1, fangs 3, see invisible, speed 1, shaggy fur 1, stealthy
paws, no weapons or thrown items, no armour, multi-lived
a: Renounce Religion


You were on level 1 of the Dungeon.
You worshipped Makhleb.
Makhleb was aware of your devotion.
You visited 1 branch of the dungeon, and saw 1 of its levels.

You collected 12 gold pieces.

Inventory:

Scrolls
 c - a scroll of magic mapping {unknown}
Potions
 a - a potion of lignification
 b - 2 potions of curing {unknown}


   Skills:
 + Level 1.0 Fighting
 - Level 2.6 Dodging
 + Level 3.4 Unarmed Combat
 - Level 2.0 Spellcasting
 + Level 2.3 Transmutations


You had 3 spell levels left.
You knew the following spells:

 Your Spells              Type           Power      Damage    Failure   Level
a - Beastly Appendage     Tmut           14%        N/A       9%          1

Your spell library contained the following spells:

 Spells                   Type           Power      Damage    Failure   Level
 Wereblood                Tmut           7%         N/A       14%         2
 Spider Form              Tmut/Pois      4%         N/A       41%         3
 Ice Form                 Ice/Tmut       4%         N/A       82%         4


Dungeon Overview and Level Annotations

Branches:
Dungeon (1/15)

Altars:
Makhleb

Shops:
D:1 !:


Innate Abilities, Weirdness & Mutations

You have sharp claws.
You have razor-sharp teeth.
You have supernaturally acute eyesight. (SInv)
You cover ground quickly. (Speed+)
You are covered in fur. (AC +1)
Your paws help you pounce on unaware monsters.
You are incapable of wielding weapons or throwing items.
You cannot wear armour.
You gain extra lives every three experience levels.


Message History

HP restored.
b - 2 purple potions You open the door.
There is an open door here.
Found an escape hatch in the floor.
You now have 6 gold pieces.
Found Qocw's Book Shop.
There is an entrance to Qocw's Book Shop here.
A kobold comes into view. It is wielding a +0 dagger.
The kobold shouts!
There is an entrance to Qocw's Book Shop here.
A kobold is nearby!
Casting: Beastly Appendage (safe; 9% risk of failure)
Confirm with . or Enter, or press ? or * to list all spells.
You grow a pair of large bovine horns.
The kobold throws a stone.
The stone hits you.
You closely miss the kobold.
Your transformation is almost over.
The kobold hits you but does no damage.
You closely miss the kobold. Your bite misses the kobold.
The kobold hits you with a +0 dagger.
You scratch the kobold but do no damage.
The kobold hits you with a +0 dagger.
You scratch the kobold.
You kill the kobold!
Things that are here:
a +0 dagger; 3 stones Magic restored.
Your horns disappear.
Found a leather armour.
Found a stone staircase leading down.
You now have 12 gold pieces (gained 6).
Found a faded altar of an unknown god.
There is a faded altar of an unknown god here.
c - a scroll labelled KIGIORGH FOGOPP
There is a faded altar of an unknown god here.
You cannot tell which god this altar belongs to.
Convert to them anyway?
Makhleb accepts your prayer! Makhleb welcomes you!
You can now gain health from killing.
Are you sure you want to abandon this character and quit the game? (Confirm with "yes".)

## .. ##.## #. ..#.# #.
.8..# #.#####..8.#
#..#⌠#∩#...# ###
###.#...#@# #..
...#.8..#### #.#
####.#.#..8.⌠#[# #.#
........#...#..# #.#
#.##.#.#.###...# #.#
#.#...#...# #.#
..#...#.#.#########.####
.###...#.#...............
+. ....................∩.


There were no monsters in sight!

Vanquished Creatures
  4 jackals (D:1)
  A kobold (D:1)
5 creatures vanquished.

Notes
Turn   | Place    | Note
-------+----------+-------------------------------------------
     0 | D:1      | Garessta the Felid Transmuter began the quest for the Orb.
     0 | D:1      | Reached XP level 1. HP: 9/9 MP: 4/4
   225 | D:1      | Found Qocw's Book Shop.
   402 | D:1      | Found a faded altar of an unknown god.
   417 | D:1      | Prayed at the altar of an unknown god.
   417 | D:1      | Became a worshipper of Makhleb the Destroyer
   417 | D:1      | Reached * piety under Makhleb
   418 | D:1      | Quit the game

Illustrated notes

Levels and vault maps discovered:
D:1:      wander_arrival_peaceful_grave, layout_basic, serial_shops, shop, shop,
          nicolae_shop_behind_doors, shop, shapermc_ecumenical_altar_venn,
          st_stairs_12, nrook_campfire

Action                   || total
-------------------------++-------
Melee: Unarmed           ||    16
       Headbutt          ||     2
       Bite              ||     1
 Cast: Beastly Appendage ||     3
Armor: Skin              ||     1
Dodge: Dodged            ||    11

Table legend: (Time is in decaauts)
 A = Elapsed time spent in this place.
 B = Non-inter-level travel time spent in this place.
 C = Inter-level travel time spent in this place.
 D = Time resting spent in this place.
 E = Time spent auto-exploring this place.
 F = Levels seen in this place.
 G = Mean time per level.
                   A        B        C        D        E       F      G
               +--------+--------+--------+--------+--------+-----+--------+
         Total |    392 |    392 |      0 |    139 |    197 |   1 |  392.0 |
       Dungeon |    392 |    392 |      0 |    139 |    197 |   1 |  392.0 |
               +--------+--------+--------+--------+--------+-----+--------+

Top non-repeatable levels by time:
     D:1: 392 daAuts
